 Dungeon Crawl Stone Soup version 0.27.1-34-g3ba077fa99 (webtiles) character file.

Game seed: 2807288697855144244

128 comborobin the Sneak (level 4, -2/34 HPs)
             Began as a Vampire Delver on Jan 8, 2022.
             Killed from afar by Pikel (6 damage)
             ... with a puff of flame
             ... on level 6 of the Dungeon.
             The game lasted 00:01:58 (649 turns).

comborobin the Sneak (Vampire Delver)                Turns: 649, Time: 00:01:58

Health: -2/34      AC:  3    Str: 12    XL:     4   Next: 86%
Magic:  4/4        EV: 12    Int: 12    God:
Gold:   14         SH:  0    Dex: 15    Spells: 3/3 levels left

rFire    . . .     SeeInvis +     - Unarmed
rCold    . . .     Faith    .   (no shield)
rNeg     . . .     Spirit   .   a - +0 leather armour
rPois    .         Reflect  .   (no helmet)
rElec    .         Harm     .   (no cloak)
rCorr    .         Rampage  .   (no gloves)
Will     .....                  (no boots)
Stlth    +++.......             (no amulet)
HPRegen  0.31/turn              (no ring)
MPRegen  0.09/turn              (no ring)

@: flying, healing quickly
A: alive, fangs 3, see invisible, vampiric 2
a: Exsanguinate


You were on level 6 of the Dungeon.
You visited 1 branch of the dungeon, and saw 4 of its levels.

You collected 14 gold pieces.

Inventory:

Armour
 a - a +0 leather armour (worn)
Wands
 c - a wand of flame (23)
Scrolls
 b - 2 scrolls of fog
 j - a scroll of teleportation {unknown}


   Skills:
 - Level 2.6 Fighting
 - Level 2.1 Dodging
 - Level 7.2 Stealth
 + Level 5.6 Unarmed Combat


You had 3 spell levels left.
You didn't know any spells.
Your spell library was empty.

Dungeon Overview and Level Annotations

Branches:
Dungeon (6/15)             Temple (0/1) D:6

Altars:
Xom

Annotations:
D:6 Pikel


Innate Abilities, Weirdness & Mutations

Your natural rate of healing is accelerated.
You have razor-sharp teeth.
You have supernaturally acute eyesight. (SInv)
You are afflicted with vampirism and can become a bat while bloodless.


Message History

Press: ? - help, Shift-Dir - straight line, f - Pikel
Aim: Pikel, wielding a +1 whip of flaming, wearing a +2 robe of willpower and carrying a wand of flame (15)
The mass of ice explodes!
The iceblast engulfs Pikel!!
Pikel is heavily wounded.
Unknown command.
Unknown command.
Aiming: Iceblast
Press: ? - help, Shift-Dir - straight line, f/p - Pikel
Aim: Pikel, wielding a +1 whip of flaming, wearing a +2 robe of willpower and carrying a wand of flame (15) (heavily wounded)
Okay, then.
Okay, then.
Pikel hits you but does no damage.
Pikel zaps a wand.
The puff of flame hits you!
Aiming: Iceblast
Press: ? - help, Shift-Dir - straight line, f/p - Pikel
Aim: Pikel, wielding a +1 whip of flaming, wearing a +2 robe of willpower and carrying a wand of flame (14) (heavily wounded)
The mass of ice explodes!
The iceblast engulfs Pikel!
Pikel is severely wounded.
The now-empty wand crumbles to dust.
Unknown command.
You barely miss Pikel.
Pikel is severely wounded.
You hit Pikel.
Pikel is severely wounded.
Pikel hits you with a +1 whip of flaming!
* * * LOW HITPOINT WARNING * * *
Pikel burns you.
* * * LOW HITPOINT WARNING * * *
You hit Pikel but do no damage.
Pikel is severely wounded.
Pikel closely misses you.
You aren't carrying any potions.
Unknown command.
You punch Pikel! You punch Pikel, but do no damage.
Pikel is almost dead.
Pikel closely misses you.
You hit Pikel but do no damage.
Pikel is almost dead.
Pikel zaps a wand.
The puff of flame hits you.
You die...

#########.#......#
*,,,,
#.......######
*,***
#.###.#......# *,*
*,,...#..###.#
*,*** **#####..#
*,* *,,,* #......#
*,*****,* #5####.#
*,,,,,,,* #.# #.#
********* #@# #.#
#K####.# #5.....#
########


You could see Pikel and 2 lemures.

Vanquished Creatures
  A scorpion (D:6)
  A jelly (D:6)
  An orc wizard (D:6)
  An adder (D:6)
  2 orcs (D:6)
  2 endoplasms
  A giant cockroach (D:4)
9 creatures vanquished.

Notes
Turn   | Place    | Note
-------+----------+-------------------------------------------
     0 | D:5      | comborobin the Vampire Delver began the quest for the Orb.
     0 | D:5      | Reached XP level 1. HP: 17/17 MP: 1/1
    12 | D:6      | Noticed an orc wizard
    18 | D:6      | Killed an orc wizard
    19 | D:6      | Reached XP level 2. HP: 20/23 MP: 2/2
    20 | D:6      | Gained mutation: You are afflicted with vampirism and can
                  | become a bat while bloodless. [Vampire growth]
    20 | D:6      | Reached XP level 3. HP: 24/28 MP: 3/3
   311 | D:6      | Noticed a scorpion
   316 | D:6      | Killed a scorpion
   317 | D:6      | Reached skill level 5 in Unarmed Combat
   317 | D:6      | Reached XP level 4. HP: 34/34 MP: 4/4
   523 | D:6      | Found a shimmering altar of Xom.
   583 | D:6      | Noticed Pikel
   583 | D:6      | Noticed a lemure
   584 | D:6      | Found a staircase to the Ecumenical Temple.
   584 | D:6      | Noticed a lemure
   584 | D:6      | Noticed a lemure
   584 | D:6      | Noticed a lemure
   649 | D:6      | Killed from afar by Pikel

Illustrated notes

Levels and vault maps discovered:
D:3:      layout_basic, uniq_terence
D:4:      layout_gridville, st_stairs_7, minmay_distorted, uniq_grinder
D:5:      layout_loops_ring
D:6:      layout_basic, dk_xom_monty_hall, minmay_temple_entry_nine_rooms,
          uniq_pikel, uniq_edmund

Skill      XL: |  1  2  3 |
---------------+----------+-----
Unarmed Combat | 3 5 |  5.6
Fighting       | |  2.6
Dodging        | |  2.1
Stealth        | |  7.2

Action                   |  1- 3 |  4- 6 || total
-------------------------+-------+-------++-------
Melee: Unarmed           |    10 |    10 ||    20
       Punch             |       |     1 ||     1
Evoke: Wand              |     6 |     4 ||    10
  Use: Potion            |     1 |     3 ||     4
       Scroll            |     1 |     2 ||     3
 Stab: Sleeping          |     3 |       ||     3
Armor: Leather armour    |     1 |     2 ||     3
Dodge: Dodged            |     3 |     4 ||     7
